 Dungeon Sprint DCSS version 0.25.1-2-g60ff931df9 (webtiles) character file.

Game seed: 5981041852537708450

2400000 ytrimaz the Fiendish (level 17, -59/153 HPs)
             Began as a Gnoll Warper on Sept 30, 2020.
             Was a Priest of Makhleb.
             Annihilated by a large bag of meat
             ... wielding a +9 giant spiked club
              (116 damage)
             ... in the Dungeon (Sprint VIII: "Arena of Blood").
             The game lasted 00:01:05 (24 turns).

ytrimaz the Fiendish (Gnoll Warper)                   Turns: 24, Time: 00:01:05

Health: -59/153    AC:  5    Str: 19    XL:     17   Next: 42%
Magic:  10/40      EV: 27    Int: 15    God:    Makhleb [***...]
Gold:   0          SH:  0    Dex: 17    Spells: 55/55 levels left

rFire    . . .     SeeInvis .   c - +โˆž Axe of Woe
rCold    . . .     Gourm    .   (shield currently unavailable)
rNeg     . . .     Faith    .   b - +0 leather armour
rPois    .         Spirit   .   (no helmet)
rElec    .         Reflect  .   (no cloak)
rCorr    .         Harm     .   (no gloves)
MR       +....     NoTele   +   (no boots)
Stlth    +++++++...             (no amulet)
HPRegen  0.35/turn              (no ring)
MPRegen  0.27/turn              (no ring)

@: no status effects
A: distributed training, fangs 1, strong nose
a: Minor Destruction, Lesser Servant of Makhleb, Renounce Religion


You were in the Dungeon.
You worshipped Makhleb.
Makhleb was most pleased with you.
You were not hungry.

You visited 1 branch

Inventory:

Hand Weapons
 c - the +โˆž Axe of Woe (weapon)
   (You found it in the Dungeon)
Missiles
 e - 5 boomerangs of dispersal (quivered)
Armour
 b - a +0 leather armour (worn)
Scrolls
 d - 2 scrolls of blinking
Potions
 g - a potion of curing
 h - a potion of heal wounds
 i - a potion of haste
 j - 2 potions of magic
 k - a potion of berserk rage
Comestibles
 f - a ration


   Skills:
 + Level 19.4 Fighting
 + Level 19.0 Short Blades
 + Level 19.0 Long Blades
 + Level 19.4 Axes
 + Level 19.0 Maces & Flails
 + Level 19.0 Polearms
 + Level 19.0 Staves
 + Level 19.0 Slings
 + Level 19.0 Bows
 + Level 19.0 Crossbows
 + Level 19.1 Throwing
 + Level 19.1 Armour
 + Level 19.4 Dodging
 + Level 19.0 Stealth
 + Level 19.0 Shields
 + Level 19.0 Unarmed Combat
 + Level 19.5 Spellcasting
 + Level 16.4 Conjurations
 + Level 16.4 Hexes
 + Level 16.4 Charms
 + Level 16.4 Summonings
 + Level 16.4 Necromancy
 + Level 17.1 Translocations
 + Level 16.4 Transmutations
 + Level 16.4 Fire Magic
 + Level 16.4 Ice Magic
 + Level 16.4 Air Magic
 + Level 16.4 Earth Magic
 + Level 16.4 Poison Magic
 + Level 20.4 Invocations
 + Level 19.0 Evocations


You had 55 spell levels left.
You didn't know any spells.
Your spell library contained the following spells:

 Spells                   Type           Power        Failure   Level  Hunger
 Blink                    Tloc           N/A          0%          2    None
 Shroud of Golubria       Chrm/Tloc      ######       0%          2    None
 Gell's Gravitas          Tloc           ######....   0%          3    None
 Lesser Beckoning         Tloc           ######....   0%          3    None
 Teleport Other           Tloc           ######..     0%          3    None
 Passage of Golubria      Tloc           N/A          1%          4    None


Dungeon Overview and Level Annotations

Branches:
Dungeon (1/1)

Altars:
Makhleb


Innate Abilities, Weirdness & Mutations

Your experience applies equally to all skills.
You have very sharp teeth.
Your uncanny sense of smell can sniff out nearby items.


Message History

A bag of meat comes into view. It is wielding a +9 war axe.
You hear a shout!
A destroyer comes into view. It is wielding a +9 vorpal great sword.
A bag of meat comes into view. It is wielding a +9 war axe.
A meat berserker comes into view. It is wielding a +9 battleaxe.
The destroyer shouts!
The meat berserker shouts!
You hear a shout! x2
The bag of meat shouts!
You hear a shout! x2
A meat berserker comes into view. It is wielding a +9 battleaxe.
You hear a shout! x4
The meat berserker rages.
You hear a shout! x2
A bag of meat comes into view. It is wielding a +9 war axe.
You hear a shout! x3
The meat berserker rages.
You hear a shout!
The large bag of meat hits you with a +9 giant spiked club!!!!
Ouch! That really hurt!
The large bag of meat hits you with a +9 giant spiked club!!!!
Ouch! That really hurt!
You die...

O.........o.
...o...oO..
.O......o.V
......o...
#.......# .#..
#O.O.V..#
.O.V.###.......###.
oO.O...@..###......
o.#..o.VOo._......
#.o.o...#)....#...
..o.....#_)<._#
#...ยง...#)....#
..#........_......
..........###......
....###... ..###. .
#... ..#


You could see 3 destroyers, a large bag of meat (inner flame), 6 meat berserkers
and 11 bags of meat.

Vanquished Creatures
  2 ogres (D)
  7 orcs (D)
9 creatures vanquished.

Notes
Turn   | Place    | Note
-------+----------+-------------------------------------------
     0 | D        | Found the +โˆž Axe of Woe
     0 | D        | ytrimaz the Gnoll Warper began the quest for the Orb.
     0 | D        | Reached XP level 1. HP: 20/20 MP: 6/6
     2 | D        | Noticed a bag of meat
     3 | D        | Noticed a bag of meat
     3 | D        | Noticed a bag of meat
     4 | D        | Noticed a bag of meat
     4 | D        | Noticed a bag of meat
     5 | D        | Noticed a bag of meat
     6 | D        | Became a worshipper of Makhleb the Destroyer
     8 | D        | Killed a bag of meat
     8 | D        | Reached skill level 10 in Short Blades
     8 | D        | Reached skill level 10 in Long Blades
     8 | D        | Reached skill level 10 in Maces & Flails
     8 | D        | Reached skill level 10 in Polearms
     8 | D        | Reached skill level 10 in Staves
     8 | D        | Reached skill level 10 in Slings
     8 | D        | Reached skill level 10 in Bows
     8 | D        | Reached skill level 10 in Crossbows
     8 | D        | Reached skill level 10 in Stealth
     8 | D        | Reached skill level 10 in Shields
     8 | D        | Reached skill level 10 in Unarmed Combat
     8 | D        | Reached skill level 10 in Translocations
     8 | D        | Reached skill level 11 in Invocations
     8 | D        | Reached skill level 10 in Evocations
     8 | D        | Reached XP level 2. HP: 38/38 MP: 6/14
     8 | D        | Reached XP level 3. HP: 44/44 MP: 6/16
     8 | D        | Reached XP level 4. HP: 51/51 MP: 6/17
     8 | D        | Reached XP level 5. HP: 57/57 MP: 6/19
     8 | D        | Reached XP level 6. HP: 63/63 MP: 6/20
     8 | D        | Reached XP level 7. HP: 69/69 MP: 6/22
     8 | D        | Reached XP level 8. HP: 76/76 MP: 6/23
     8 | D        | Reached XP level 9. HP: 82/82 MP: 6/24
     8 | D        | Reached XP level 10. HP: 89/89 MP: 6/25
     8 | D        | Reached XP level 11. HP: 95/95 MP: 6/26
     8 | D        | Reached XP level 12. HP: 101/101 MP: 6/27
     8 | D        | Noticed a meat berserker
     9 | D        | Killed a bag of meat
     9 | D        | Reached * piety under Makhleb
     9 | D        | Reached skill level 10 in Conjurations
     9 | D        | Reached skill level 10 in Hexes
     9 | D        | Reached skill level 10 in Charms
     9 | D        | Reached skill level 10 in Summonings
     9 | D        | Reached skill level 10 in Necromancy
     9 | D        | Reached skill level 10 in Transmutations
     9 | D        | Reached skill level 10 in Fire Magic
     9 | D        | Reached skill level 10 in Ice Magic
     9 | D        | Reached skill level 10 in Air Magic
     9 | D        | Reached skill level 10 in Earth Magic
     9 | D        | Reached skill level 10 in Poison Magic
     9 | D        | Reached skill level 13 in Invocations
     9 | D        | Reached XP level 13. HP: 89/111 MP: 6/30
     9 | D        | Killed a bag of meat
     9 | D        | Reached skill level 14 in Invocations
     9 | D        | Reached XP level 14. HP: 120/120 MP: 6/32
    10 | D        | Killed a bag of meat
    10 | D        | Reached skill level 15 in Fighting
    10 | D        | Reached skill level 15 in Axes
    10 | D        | Reached skill level 15 in Dodging
    10 | D        | Reached skill level 15 in Spellcasting
    10 | D        | Reached skill level 15 in Invocations
    10 | D        | Killed a bag of meat
    10 | D        | Reached ** piety under Makhleb
    10 | D        | Reached skill level 15 in Short Blades
    10 | D        | Reached skill level 15 in Long Blades
    10 | D        | Reached skill level 15 in Maces & Flails
    10 | D        | Reached skill level 15 in Polearms
    10 | D        | Reached skill level 15 in Staves
    10 | D        | Reached skill level 15 in Slings
    10 | D        | Reached skill level 15 in Bows
    10 | D        | Reached skill level 15 in Crossbows
    10 | D        | Reached skill level 15 in Throwing
    10 | D        | Reached skill level 15 in Armour
    10 | D        | Reached skill level 15 in Stealth
    10 | D        | Reached skill level 15 in Shields
    10 | D        | Reached skill level 15 in Unarmed Combat
    10 | D        | Reached skill level 16 in Invocations
    10 | D        | Reached skill level 15 in Evocations
    10 | D        | Reached XP level 15. HP: 130/130 MP: 6/34
    11 | D        | Killed a meat berserker
    11 | D        | Reached skill level 15 in Translocations
    11 | D        | Reached skill level 18 in Invocations
    11 | D        | Reached XP level 16. HP: 94/141 MP: 6/37
    14 | D        | Noticed a meat berserker
    18 | D        | Noticed a large bag of meat
    18 | D        | Killed a meat berserker
    18 | D        | Reached *** piety under Makhleb
    18 | D        | Reached skill level 15 in Conjurations
    18 | D        | Reached skill level 15 in Hexes
    18 | D        | Reached skill level 15 in Charms
    18 | D        | Reached skill level 15 in Summonings
    18 | D        | Reached skill level 15 in Necromancy
    18 | D        | Reached skill level 15 in Transmutations
    18 | D        | Reached skill level 15 in Fire Magic
    18 | D        | Reached skill level 15 in Ice Magic
    18 | D        | Reached skill level 15 in Air Magic
    18 | D        | Reached skill level 15 in Earth Magic
    18 | D        | Reached skill level 15 in Poison Magic
    18 | D        | Reached skill level 19 in Invocations
    18 | D        | Reached XP level 17. HP: 151/151 MP: 8/40
    19 | D        | Reached skill level 20 in Invocations
    20 | D        | Noticed a destroyer
    21 | D        | Noticed a meat berserker
    22 | D        | Noticed a meat berserker
    22 | D        | Noticed a destroyer
    22 | D        | Noticed a meat berserker
    22 | D        | Noticed a meat berserker
    23 | D        | Noticed a destroyer
    23 | D        | Noticed a meat berserker
    23 | D        | Noticed a destroyer
    24 | D        | Noticed a meat berserker
    24 | D        | Noticed a meat berserker
    24 | D        | Annihilated by a large bag of meat

Illustrated notes

Levels and vault maps discovered:
D:        meatsprint

Skill      XL: |  1  2  3  4  5  6  7  8  9 10 11 12 13 14 15 16 17 |
---------------+----------------------------------------------------+-----
Fighting       | 11 13 14 15 17 18 19 | 19.4
Short Blades   | 10 12 13 15 16 18 19 | 19.0
Long Blades    | 10 12 13 15 16 18 19 | 19.0
Axes           | 11 13 14 15 17 18 19 | 19.4
Maces & Flails | 10 12 13 15 16 18 19 | 19.0
Polearms       | 10 12 13 15 16 18 19 | 19.0
Staves         | 10 12 13 15 16 18 19 | 19.0
Slings         | 10 12 13 15 16 18 19 | 19.0
Bows           | 10 12 13 15 16 18 19 | 19.0
Crossbows      | 10 12 13 15 16 18 19 | 19.0
Throwing       | 11 12 13 15 16 18 19 | 19.1
Armour         | 11 12 13 15 16 18 19 | 19.1
Dodging        | 11 13 14 15 17 18 19 | 19.4
Stealth        | 10 12 13 15 16 18 19 | 19.0
Shields        | 10 12 13 15 16 18 19 | 19.0
Unarmed Combat | 10 12 13 15 16 18 19 | 19.0
Spellcasting   | 11 13 14 15 17 19 | 19.5
Conjurations   | 9 10 11 13 14 15 16 | 16.4
Hexes          | 9 10 11 13 14 15 16 | 16.4
Charms         | 9 10 11 13 14 15 16 | 16.4
Summonings     | 9 10 11 13 14 15 16 | 16.4
Necromancy     | 9 10 11 13 14 15 16 | 16.4
Translocations | 10 11 12 14 15 16 17 | 17.1
Transmutations | 9 10 11 13 14 15 16 | 16.4
Fire Magic     | 9 10 11 13 14 15 16 | 16.4
Ice Magic      | 9 10 11 13 14 15 16 | 16.4
Air Magic      | 9 10 11 13 14 15 16 | 16.4
Earth Magic    | 9 10 11 13 14 15 16 | 16.4
Poison Magic   | 9 10 11 13 14 15 16 | 16.4
Invocations    | 11 13 14 16 18 19 20 | 20.4
Evocations     | 10 12 13 15 16 18 19 | 19.0

Action                   |  1- 3 |  4- 6 |  7- 9 | 10-12 | 13-15 | 16-18 || total
-------------------------+-------+-------+-------+-------+-------+-------++-------
Melee: Executioner's axe |     1 |       |       |     1 |     2 |     3 ||     7
Dodge: Dodged            |       |       |       |       |       |     2 ||     2
